 Dungeon Crawl Stone Soup version 0.29-a0-283-ga02f740833 (webtiles) character file.

Game seed: 16271564342328029436

814 Dabor the Skirmisher (level 8, -6/62 HPs)
             Began as a Formicid Abyssal Knight on Mar 13, 2022.
             Was a Priest of Lugonu.
             Mangled by Duvessa
             ... wielding a +0 short sword
              (11 damage)
             ... on level 5 of the Dungeon.
             The game lasted 00:06:23 (4630 turns).

Dabor the Skirmisher (Formicid Abyssal Knight)      Turns: 4630, Time: 00:06:24

Health: -6/62      AC:  8    Str: 27    XL:     8   Next: 15%
Magic:  11/11      EV: 12    Int:  9    God:    Lugonu [***...]
Gold:   266        SH:  5    Dex: 11    Spells: 7/7 levels left

rFire   . . .      SeeInvis +   w - +3 quarterstaff (chaos)
rCold   . . .      Faith    .   (no shield)
rNeg    + . .      Spirit   .   f - +0 ring mail
rPois   .          Reflect  +   (helmet unavailable)
rElec   .          Harm     .   x - +0 cloak
rCorr   .          Rampage  .   (no gloves)
Will    .....                   k - +0 pair of boots
Stlth   +.........              c - amulet of reflection
HPRegen 0.20/turn               p - +6 ring of strength
MPRegen 0.12/turn               s - ring of positive energy

@: no status effects
A: permanent stasis, dig shafts and tunnels, antennae 3, four strong arms
a: Dig, Shaft Self, Renounce Religion, Depart the Abyss, Bend Space, Banish


You were on level 5 of the Dungeon.
You worshipped Lugonu.
Lugonu was most pleased with you.
You visited 1 branch of the dungeon, and saw 5 of its levels.
You visited the Abyss 1 time.

You collected 266 gold pieces.

Inventory:

Hand Weapons
 a - a +1 spear
 w - a +3 quarterstaff of chaos (weapon)
Missiles
 g - 3 throwing nets
Armour
 b - a +0 leather armour
 f - a +0 ring mail (worn)
 k - a +0 pair of boots (worn)
 x - a +0 cloak (worn)
Jewellery
 c - an amulet of reflection (around neck)
 p - a +6 ring of strength (left hand)
 s - a ring of positive energy (right hand)
Scrolls
 o - 2 scrolls of blinking
 q - a scroll of amnesia
 r - a scroll of teleportation
 t - a scroll of vulnerability
 v - a scroll of immolation {unknown}
Potions
 d - a potion of resistance {unknown}
 e - a potion of degeneration {unknown}
 h - a potion of might
 i - a potion of magic {unknown}
 j - a potion of heal wounds
 l - a potion of haste {unknown}
 m - 3 potions of lignification {unknown}
 n - a potion of flight {unknown}


   Skills:
 + Level 5.0 Fighting
 + Level 4.0 Polearms
 + Level 4.4 Armour
 + Level 3.1 Dodging
 + Level 3.6 Shields
 + Level 4.8 Invocations


You had 7 spell levels left.
You didn't know any spells.
Your spell library contained the following spells:

 Spells                   Type           Power      Damage    Failure   Level
 Summon Small Mammal      Summ           0%         N/A       52%         1
 Ensorcelled Hibernation  Hex/Ice        0%         N/A       65%         2
 Passwall                 Tmut/Erth      0%         N/A       65%         2
 Call Canine Familiar     Summ           0%         N/A       87%         3
 Summon Guardian Golem    Hex/Summ       0%         N/A       87%         3
 Swiftness                Air            Unusable   N/A       N/A         3

Dungeon Overview and Level Annotations

Branches:
Dungeon (5/15)
 Temple: D:4-7

Altars:
Fedhas
Hepliaklqana
Makhleb
Okawaru
Trog
Uskayaw
Xom
Yredelemnul
Zin

Annotations:
D:5 Duvessa


Innate Abilities, Weirdness & Mutations

You cannot be hasted, slowed, berserked, paralysed or teleported.
You can dig through walls and to a lower floor.
You have a pair of large antennae on your head. (SInv)
Your four strong arms can wield two-handed weapons with a shield.


Message History

You start resting.
HP restored.
You start waiting.
Done waiting.
Items here: ))) [[[ ÷÷.
Items here: )) [ ÷.
Found a glowing silver altar of Zin.
No target in view!
You sense a monster nearby.
Duvessa shouts!
Duvessa goes berserk!
A jelly comes into view.
A hound comes into view.
Duvessa hits you but does no damage.
You hit Duvessa.
Duvessa flickers and vanishes for a moment.
Duvessa is lightly wounded.
Duvessa hits you but does no damage. Duvessa hits you with a +0 short sword!
You hit Duvessa.
Duvessa is lightly wounded.
Duvessa hits you but does no damage. Duvessa hits you with a +0 short sword!
You hit Duvessa.
Duvessa is poisoned.
Duvessa is moderately wounded.
Duvessa hits you with a +0 short sword!
You are too injured to fight recklessly!
Okay, then.
As you read the scroll labelled COZXAM CUCVURPHA, it crumbles to dust.
You assume a fearsome visage.
Duvessa is unaffected.
The hound looks frightened!
The jelly looks frightened!
It was a scroll of fear.
Duvessa hits you with a +0 short sword!
* * * LOW HITPOINT WARNING * * *
Duvessa hits you but does no damage.
It was a potion of heal wounds.
You feel much better. Duvessa hits you with a +0 short sword!
You hit Duvessa. You burn Duvessa.
Duvessa is moderately wounded.
Duvessa hits you with a +0 short sword!
* * * LOW HITPOINT WARNING * * *
Duvessa hits you with a +0 short sword!
You die...

#..###.#######
###..#.......... #
#......#.##..8.8
#.#.#..###.#.8....
#.#.#......#......
#......#####..##'#
###.#######..##._.
#...# #......####
#@### #......)...
#e# #....[.)###
... #.......# #
##.## #.......# #
{ #J# #.......# #
#.# #.......# #
#.# ####.#### #
... #. #.


You could see Duvessa (berserk, invisible, very poisoned) and a jelly (fleeing).

Vanquished Creatures
  An ice beast (D:5)
  An ogre (D:5)
  A centaur (D:4)
  2 scorpions
  Dowan (D:5)
  A hound (D:5)
  A jelly (D:5)
  Crazy Yiuf (D:4)
  3 iguanas (D:5)
  2 orc wizards
  A gnoll (D:4)
  5 adders
  A shadow imp (D:5)
  A white imp (D:5)
  An ufetubus (D:5)
  2 worms (D:4)
  3 dart slugs
  8 orcs
  4 ball pythons
  5 endoplasms
  A giant cockroach (D:4)
  3 goblins
  3 hobgoblins (D:2)
  10 jackals
  3 quokkas
  6 bats
  5 frilled lizards
  2 kobolds
  7 rats
85 creatures vanquished.

Vanquished Creatures (others)
  An orc wizard (D:5)
1 creature vanquished.

Grand Total: 86 creatures vanquished

Notes
Turn   | Place    | Note
-------+----------+-------------------------------------------
     0 | Abyss:1  | Dabor the Formicid Abyssal Knight began the quest for the
                  | Orb.
     0 | Abyss:1  | Reached XP level 1. HP: 18/18 MP: 2/2
    40 | Abyss:2  | Noticed a spatial vortex
    40 | Abyss:2  | Noticed a spatial vortex
    40 | Abyss:2  | Noticed a spatial vortex
    41 | Abyss:2  | Noticed a spatial maelstrom
    42 | Abyss:2  | Noticed a spatial vortex
    42 | Abyss:2  | Noticed a spatial vortex
    43 | Abyss:2  | Noticed a spatial vortex
    45 | Abyss:2  | Noticed a spatial vortex
    46 | Abyss:2  | Noticed a spatial vortex
    46 | D:1      | Escaped the Abyss
    83 | D:1      | Reached skill level 1 in Dodging
   171 | D:1      | Reached ** piety under Lugonu
   191 | D:1      | Reached XP level 2. HP: 24/24 MP: 3/3
   244 | D:1      | You fall into a shaft and drop 1 floor!
   521 | D:2      | Found a burning altar of Makhleb.
   697 | D:2      | Reached XP level 3. HP: 29/29 MP: 4/4
  1650 | D:3      | Reached XP level 4. HP: 36/36 MP: 6/6
  1776 | D:3      | Found an iron altar of Okawaru.
  1789 | D:3      | Found a bloodstained altar of Trog.
  1889 | D:3      | Reached skill level 1 in Shields
  2310 | D:3      | Found a shimmering altar of Xom.
  2310 | D:3      | Found a hide-covered altar of Uskayaw.
  2311 | D:3      | Found a burning altar of Makhleb.
  2314 | D:3      | Found a blossoming altar of Fedhas.
  2470 | D:4      | Noticed a centaur
  2475 | D:4      | Killed a centaur
  2476 | D:4      | Reached XP level 5. HP: 42/42 MP: 7/7
  2491 | D:4      | Reached *** piety under Lugonu
  2768 | D:4      | Reached skill level 4 in Fighting
  2774 | D:4      | Identified the +7 dagger "Embalmer" {pain, rC+ Str-2 Int+5
                  | Dex+2}
  2819 | D:4      | Reached XP level 6. HP: 42/48 MP: 8/8
  2980 | D:4      | Found a basalt altar of Yredelemnul.
  3084 | D:4      | Found a runed translucent door.
  3085 | D:4      | Noticed Crazy Yiuf
  3658 | D:4      | Killed Crazy Yiuf
  3692 | D:5      | Entered Level 5 of the Dungeon
  3699 | D:5      | Noticed Duvessa
  3699 | D:5      | Noticed an ice beast
  3703 | D:5      | Noticed Dowan
  3706 | D:5      | Killed an ice beast
  3707 | D:5      | Reached XP level 7. HP: 55/55 MP: 8/10
  3714 | D:5      | Killed Dowan
  3715 | D:5      | Found a hazy altar of Hepliaklqana.
  4088 | D:5      | Reached XP level 8. HP: 52/61 MP: 11/11
  4352 | D:5      | Reached skill level 5 in Fighting
  4604 | D:5      | Found a glowing silver altar of Zin.
  4630 | D:5      | Mangled by Duvessa

Illustrated notes

Levels and vault maps discovered:
D:1:      amcnicky_arrival_blooded_trapdoor, layout_basic,
          ebering_ecumenical_altar_mist, hangedman_decor_points, st_stairs_12,
          grunt_decor_junction, minmay_misc_feat_enclosed
D:2:      cheibrodos_old_hovel, layout_basic, basic_altar
D:3:      layout_basic, minitemple, minmay_stone_trees_medium,
          chequers_serial_rivers_marsh, minmay_misc_feat_ornament,
          grunt_decor_resistance
D:4:      layout_loops_cross, mainiacjoe_overflow_surrounded_room,
          corexii_hall_statues_u, minmay_starry_boxes, uniq_crazy_yiuf_cottage
D:5:      layout_loops_cross, zin_statuary, lemuel_tele_altar, st_stairs_9,
          uniq_duvessa

Skill      XL: |  1  2  3  4  5  6  7  8 |
---------------+-------------------------+-----
Dodging        | 1 2 3 |  3.1
Shields        | 1 2 3 |  3.6
Armour         | 3 4 |  4.4
Invocations    | 3 4 |  4.8
Fighting       | 4 5 |  5.0
Polearms       | 3 4 |  4.0

Action                   |  1- 3 |  4- 6 |  7- 9 || total
-------------------------+-------+-------+-------++-------
Melee: Spear             |    98 |   117 |       ||   215
       Punch             |     1 |     1 |     1 ||     3
       Quarterstaff      |       |     2 |    52 ||    54
Invok: Depart the Abyss  |     1 |       |       ||     1
  Use: Scroll            |       |     4 |     1 ||     5
       Potion            |       |     1 |     1 ||     2
Armor: Ring mail         |    22 |    24 |    17 ||    63
Dodge: Dodged            |    45 |    50 |    27 ||   122
Block: Other             |       |    17 |    10 ||    27
       Reflection        |       |     3 |       ||     3

Table legend: (Time is in decaauts)
 A = Elapsed time spent in this place.
 B = Non-inter-level travel time spent in this place.
 C = Inter-level travel time spent in this place.
 D = Time resting spent in this place.
 E = Time spent auto-exploring this place.
 F = Levels seen in this place.
 G = Mean time per level.
                   A        B        C        D        E       F      G
               +--------+--------+--------+--------+--------+-----+--------+
         Total |   4633 |   4499 |    134 |    421 |   3390 |   7 |  661.9 |
       Dungeon |   4587 |   4453 |    134 |    421 |   3390 |   5 |  917.4 |
         Abyss |     45 |     45 |      0 |      0 |      0 |   2 |   22.5 |
               +--------+--------+--------+--------+--------+-----+--------+

Top non-repeatable levels by time:
     D:4: 1251 daAuts
     D:3: 1151 daAuts
     D:2: 1038 daAuts
     D:5: 947 daAuts
     D:1: 197 daAuts
 Abyss:2: 30 daAuts
 Abyss:1: 15 daAuts
